PL
CALIFORNIA OCEANLINERS @ BOSTON PATRIOTS
07/04/2017
 
TOP OF THE 1ST
Real Hartford CB Whalers batting - Pitching for Grafton Middies : RHP Jorge Aguirre
Pitching: RHP Jorge Aguirre
Batting: LHB Jerry Harris 0-0: Foul Ball, location: 2F
0-1: Ball
1-1: Ball
2-1: Foul Ball, location: 2F
2-2: Strikes out looking
Batting: SHB Robert Shelby 0-0: Ball
1-0: Ball
2-0: Ball
3-0: Base on Balls
Batting: RHB Vicente Díaz 0-0: Ball
1-0: SINGLE (Groundball, 56)
Robert Shelby to second
Batting: LHB Pedro Willis 0-0: Grounds into double play, 4-6-3 (Groundball, 4)
Top of the 1st over - 0 run(s), 1 hit(s), 0 error(s), 1 left on base; Real Hartford CB 0 - Grafton 0
BOTTOM OF THE 1ST
Grafton Middies batting - Pitching for Real Hartford CB Whalers : RHP Pedro Martínez
Pitching: RHP Pedro Martínez
Batting: RHB José Peña 0-0: Called Strike
0-1: Ball
1-1: Fly out, F6 (Popup, 56D)
Batting: RHB Juan Martínez 0-0: Ground out U3 (Groundball, 3S)
Batting: LHB Chad Armstrong 0-0: Called Strike
0-1: SINGLE (Line Drive, 4D)
Batting: LHB Guillermo Romero 0-0: Called Strike
0-1: Ball
1-1: Foul Ball, location: 2F
1-2: Foul Ball, location: 2F
1-2: Ball
2-2: Foul Ball, location: 2F
2-2: Fielders Choice at 2nd, U6 (Groundball, 6M)
Bottom of the 1st over - 0 run(s), 1 hit(s), 0 error(s), 1 left on base; Real Hartford CB 0 - Grafton 0
TOP OF THE 2ND
Real Hartford CB Whalers batting - Pitching for Grafton Middies : RHP Jorge Aguirre
Batting: SHB Jeffrey Barker 0-0: Ball
1-0: Ball
2-0: Ball
3-0: Swinging Strike
3-1: Foul Ball, location: 2F
3-2: Base on Balls
Batting: RHB Mike McDonald 0-0: Fly out, F8 (Flyball, 8RD)
Batting: RHB Tyrone Scott 0-0: Foul Ball, location: 2F
0-1: Foul Ball, location: 2F
0-2: Ball
1-2: Ball
2-2: Foul Ball, location: 2F
2-2: Foul Ball, location: 2F
2-2: Ball
3-2: Foul Ball, location: 2F
3-2: Foul Ball, location: 2F
3-2: Foul Ball, location: 2F
3-2: Fielders Choice at 2nd, 5-4 (Groundball, 56)
Batting: LHB Armando Esparza 0-0: Called Strike
0-1: 2-RUN HOME RUN (Line Drive, 89XD), Distance : 423 ft
Batting: RHB Pedro Martínez 0-0: Ball
1-0: Called Strike
1-1: Ball
2-1: Ball
3-1: Base on Balls
Batting: LHB Jerry Harris 0-0: Called Strike
0-1: Ball
1-1: Ball
2-1: Swinging Strike
2-2: SINGLE (Line Drive, 7LS)
Pedro Martínez to second
Batting: SHB Robert Shelby 0-0: Fly out, F8 (Flyball, 8LD)
Top of the 2nd over - 2 run(s), 2 hit(s), 0 error(s), 2 left on base; Real Hartford CB 2 - Grafton 0
BOTTOM OF THE 2ND
Grafton Middies batting - Pitching for Real Hartford CB Whalers : RHP Pedro Martínez
Batting: LHB Tony Dyer 0-0: Ball
1-0: Ground out 4-3 (Groundball, 34)
Batting: RHB Tracy Larson 0-0: Called Strike
0-1: Ball
1-1: Fly out, F9 (Flyball, 89M)
Batting: RHB Jack Tucker 0-0: Ball
1-0: Ball
2-0: SINGLE (Flyball, 6MD)
Batting: RHB Carlos Vázquez 0-0: Called Strike
0-1: Foul Ball, location: 2F
0-2: Ball
1-2: Ground out 4-3 (Groundball, 4)
Bottom of the 2nd over - 0 run(s), 1 hit(s), 0 error(s), 1 left on base; Real Hartford CB 2 - Grafton 0
TOP OF THE 3RD
Real Hartford CB Whalers batting - Pitching for Grafton Middies : RHP Jorge Aguirre
Batting: RHB Vicente Díaz 0-0: Ball
1-0: Called Strike
1-1: Ball
2-1: Ball
3-1: Foul Ball, location: 2F
3-2: Foul Ball, location: 2F
3-2: Foul Ball, location: 2F
3-2: Base on Balls
Batting: LHB Pedro Willis 0-0: Called Strike
0-1: Foul Ball, location: 2F
0-2: Ball
1-2: Fly out, F4 (Popup, 4MD)
Batting: SHB Jeffrey Barker 0-0: Ball
1-0: Ball
2-0: Ball
3-0: Called Strike
3-1: Swinging Strike
3-2: Base on Balls
Vicente Díaz to second
Batting: RHB Mike McDonald 0-0: Foul Ball, location: 2F
0-1: Foul Ball, location: 2F
0-2: Strikes out swinging
Batting: RHB Tyrone Scott 0-0: Fly out, F8 (Flyball, 8LXD)
Top of the 3rd over - 0 run(s), 0 hit(s), 0 error(s), 2 left on base; Real Hartford CB 2 - Grafton 0
BOTTOM OF THE 3RD
Grafton Middies batting - Pitching for Real Hartford CB Whalers : RHP Pedro Martínez
Batting: RHB Jorge Aguirre 0-0: Ground out 5-3 (Groundball, 56S)
Batting: RHB José Peña 0-0: Called Strike
0-1: Foul Ball, location: 2F
0-2: Ball
1-2: Foul Ball, location: 2F
1-2: Ball
2-2: Ball
3-2: SINGLE (Line Drive, 6D)
Batting: RHB Juan Martínez 0-0: Ball
José Peña steals 2nd base
1-0: Called Strike
José Peña steals 3rd base
1-1: Called Strike
1-2: Ball
2-2: Ball
3-2: Foul Ball, location: 2F
3-2: DOUBLE (Line Drive, 8LM)
José Peña scores
Batting: LHB Chad Armstrong 0-0: Foul Ball, location: 2F
0-1: DOUBLE (Line Drive, 8RD)
Juan Martínez scores
Batting: LHB Guillermo Romero 0-0: Ball
1-0: Ball
2-0: Ground out 4-3 (Groundball, 4)
Chad Armstrong to third
Batting: LHB Tony Dyer 0-0: Ball
1-0: Ball
2-0: Foul Ball, location: 2F
2-1: Swinging Strike
2-2: Ball
3-2: 2-RUN HOME RUN (Flyball, 9LD), Distance : 355 ft
Batting: RHB Tracy Larson 0-0: Bunt for hit - play at first, batter safe!
Batting: RHB Jack Tucker 0-0: Ball
1-0: Swinging Strike
1-1: Ball
2-1: Ball
3-1: Ground out 4-3 (Groundball, 4)
Bottom of the 3rd over - 4 run(s), 5 hit(s), 0 error(s), 1 left on base; Real Hartford CB 2 - Grafton 4
TOP OF THE 4TH
Real Hartford CB Whalers batting - Pitching for Grafton Middies : RHP Jorge Aguirre
Batting: LHB Armando Esparza 0-0: Foul Ball, location: 2F
0-1: Swinging Strike
0-2: Ball
1-2: Foul Ball, location: 2F
1-2: Foul Ball, location: 2F
1-2: Strikes out swinging
Batting: RHB Pedro Martínez 0-0: Swinging Strike
0-1: Ball
1-1: Ball
2-1: Ball
3-1: Base on Balls
Batting: LHB Jerry Harris 0-0: Ball
1-0: Swinging Strike
1-1: Swinging Strike
1-2: Strikes out swinging
Batting: SHB Robert Shelby 0-0: Ball
1-0: Ball
2-0: Ball
3-0: Base on Balls
Pedro Martínez to second
Batting: RHB Vicente Díaz 0-0: Called Strike
0-1: Ball
1-1: Ball
2-1: Ball
3-1: DOUBLE (Line Drive, 9LS)
Pedro Martínez scores
Robert Shelby to third
Batting: LHB Pedro Willis 0-0: Called Strike
0-1: Called Strike
0-2: Foul Ball, location: 2F
0-2: Ball
1-2: Ball
2-2: Strikes out swinging
Top of the 4th over - 1 run(s), 1 hit(s), 0 error(s), 2 left on base; Real Hartford CB 3 - Grafton 4
BOTTOM OF THE 4TH
Grafton Middies batting - Pitching for Real Hartford CB Whalers : RHP Pedro Martínez
Batting: RHB Carlos Vázquez 0-0: Called Strike
0-1: Ball
1-1: Foul Ball, location: 2F
1-2: Foul Ball, location: 2F
1-2: Ground out 5-3 (Groundball, 5)
Batting: RHB Jorge Aguirre 0-0: Ground out 6-3 (Groundball, 6M)
Batting: RHB José Peña 0-0: Ball
1-0: Ball
2-0: Ball
3-0: Base on Balls
Batting: RHB Juan Martínez 0-0: Ball
1-0: Called Strike
1-1: Ball
José Peña steals 2nd base
2-1: SINGLE (Line Drive, 4MD)
José Peña to third
Runner from 3rd tries for Home, throw and OUT!
Bottom of the 4th over - 0 run(s), 1 hit(s), 0 error(s), 1 left on base; Real Hartford CB 3 - Grafton 4
TOP OF THE 5TH
Real Hartford CB Whalers batting - Pitching for Grafton Middies : RHP Jorge Aguirre
Batting: SHB Jeffrey Barker 0-0: Called Strike
0-1: Fly out, F7 (Flyball, 78M)
Batting: RHB Mike McDonald 0-0: Ball
1-0: Ground out 5-3 (Groundball, 5L)
Batting: RHB Tyrone Scott 0-0: Fly out, F4 (Popup, 3D)
Top of the 5th over - 0 run(s), 0 hit(s), 0 error(s), 0 left on base; Real Hartford CB 3 - Grafton 4
BOTTOM OF THE 5TH
Grafton Middies batting - Pitching for Real Hartford CB Whalers : RHP Pedro Martínez
Batting: LHB Chad Armstrong 0-0: Ball
1-0: Ball
2-0: Called Strike
2-1: Ball
3-1: Called Strike
3-2: Strikes out swinging
Batting: LHB Guillermo Romero 0-0: Ball
1-0: Ball
2-0: Called Strike
2-1: Ball
3-1: Swinging Strike
3-2: Foul Ball, location: 2F
3-2: Foul Ball, location: 2F
3-2: Strikes out looking
Batting: LHB Tony Dyer 0-0: Ball
1-0: Ball
2-0: Fly out, F7 (Flyball, 7D)
Bottom of the 5th over - 0 run(s), 0 hit(s), 0 error(s), 0 left on base; Real Hartford CB 3 - Grafton 4
TOP OF THE 6TH
Real Hartford CB Whalers batting - Pitching for Grafton Middies : RHP Jorge Aguirre
Batting: LHB Armando Esparza 0-0: Called Strike
0-1: Foul Ball, location: 2F
0-2: Foul Ball, location: 2F
0-2: Ball
1-2: Ball
2-2: Foul Ball, location: 2F
2-2: Strikes out swinging
Pinch Hitting: LHB Leonardo López 0-0: Called Strike
0-1: Swinging Strike
0-2: Foul Ball, location: 2F
0-2: Ground out 4-3 (Groundball, 4M)
Batting: LHB Jerry Harris 0-0: Ball
1-0: Ball
2-0: Fly out, F8 (Flyball, 8LD)
Top of the 6th over - 0 run(s), 0 hit(s), 0 error(s), 0 left on base; Real Hartford CB 3 - Grafton 4
BOTTOM OF THE 6TH
Grafton Middies batting - Pitching for Real Hartford CB Whalers : RHP Pedro Martínez
Pitching: RHP Kelly Hampton
Batting: RHB Tracy Larson 0-0: Ball
1-0: Foul Ball, location: 2F
1-1: SINGLE (Flyball, 89S)
Batting: RHB Jack Tucker 0-0: Ball
Tracy Larson is caught stealing 2nd base
1-0: Ball
2-0: Ball
3-0: Called Strike
3-1: SINGLE (Groundball, 56D) (infield hit)
Batting: RHB Carlos Vázquez 0-0: Ball
1-0: Called Strike
1-1: Ball
2-1: Called Strike
2-2: 2-RUN HOME RUN (Flyball, 78XD), Distance : 435 ft
Pinch Hitting: LHB Francisco Rivas 0-0: Ball
1-0: Ball
2-0: Ball
3-0: Base on Balls
Batting: RHB José Peña 0-0: Called Strike
0-1: Fly out, F7 (Flyball, 78M)
Batting: RHB Juan Martínez 0-0: Foul Ball, location: 2F
0-1: Ball
1-1: Foul Ball, location: 2F
1-2: Strikes out swinging
Bottom of the 6th over - 2 run(s), 3 hit(s), 0 error(s), 1 left on base; Real Hartford CB 3 - Grafton 6
TOP OF THE 7TH
Real Hartford CB Whalers batting - Pitching for Grafton Middies : RHP Jorge Aguirre
Pitching: LHP Juan Castro
Batting: SHB Robert Shelby 0-0: SINGLE (Flyball, 78S)
Batting: RHB Vicente Díaz 0-0: Called Strike
0-1: Foul Ball, location: 2F
0-2: Strikes out looking
Batting: LHB Pedro Willis 0-0: Called Strike
0-1: Foul Ball, location: 2F
0-2: Ball
1-2: Grounds into double play, 5-4-3 (Groundball, 5)
Top of the 7th over - 0 run(s), 1 hit(s), 0 error(s), 0 left on base; Real Hartford CB 3 - Grafton 6
BOTTOM OF THE 7TH
Grafton Middies batting - Pitching for Real Hartford CB Whalers : RHP Kelly Hampton
Batting: LHB Chad Armstrong 0-0: Called Strike
0-1: Ball
1-1: Foul Ball, location: 2F
1-2: Fly out, F8 (Popup, 6MD)
Batting: LHB Guillermo Romero 0-0: Ball
1-0: Called Strike
1-1: Called Strike
1-2: Foul Ball, location: 2F
1-2: Foul Ball, location: 2F
1-2: Strikes out swinging
Batting: LHB Tony Dyer 0-0: Ground out 4-3 (Groundball, 4)
Bottom of the 7th over - 0 run(s), 0 hit(s), 0 error(s), 0 left on base; Real Hartford CB 3 - Grafton 6
TOP OF THE 8TH
Real Hartford CB Whalers batting - Pitching for Grafton Middies : LHP Juan Castro
Now in LF: Brady Ferris
Now in CF: Orlando López
Batting: SHB Jeffrey Barker 0-0: Ground out 6-3 (Groundball, 6)
Batting: RHB Mike McDonald 0-0: Foul Ball, location: 2F
0-1: Swinging Strike
0-2: Ball
1-2: Ball
2-2: Foul Ball, location: 2F
2-2: Ground out 5-3 (Groundball, 5L)
Batting: RHB Tyrone Scott 0-0: Ball
1-0: Fly out, F7 (Flyball, 7M)
Top of the 8th over - 0 run(s), 0 hit(s), 0 error(s), 0 left on base; Real Hartford CB 3 - Grafton 6
BOTTOM OF THE 8TH
Grafton Middies batting - Pitching for Real Hartford CB Whalers : RHP Kelly Hampton
Batting: RHB Tracy Larson 0-0: Called Strike
0-1: SINGLE (Groundball, 5L)
Batting: RHB Jack Tucker 0-0: Ball
1-0: Swinging Strike
1-1: Ball
2-1: Swinging Strike
2-2: Strikes out swinging
Batting: RHB Carlos Vázquez 0-0: Swinging Strike
0-1: Foul Ball, location: 2F
0-2: Foul Ball, location: 2F
0-2: Ball
1-2: Foul Ball, location: 2F
1-2: Ball
2-2: Grounds into double play, 6-4-3 (Groundball, 6D)
Bottom of the 8th over - 0 run(s), 1 hit(s), 0 error(s), 0 left on base; Real Hartford CB 3 - Grafton 6
TOP OF THE 9TH
Real Hartford CB Whalers batting - Pitching for Grafton Middies : LHP Juan Castro
Pitching: RHP Frank Morse
Now at 3B: Jonathan Cundall
Batting: LHB Armando Esparza 0-0: Called Strike
0-1: Swinging Strike
0-2: Ball
1-2: Foul Ball, location: 2F
1-2: Strikes out swinging
Pinch Hitting: LHB Bill Burgess 0-0: Called Strike
0-1: Foul Ball, location: 2F
0-2: DOUBLE (Line Drive, 5L)
Batting: LHB Jerry Harris 0-0: Ball
1-0: Ball
2-0: Ball
3-0: Called Strike
3-1: Called Strike
3-2: 2-RUN HOME RUN (Flyball, 9D), Distance : 363 ft
Batting: SHB Robert Shelby 0-0: Foul Ball, location: 2F
0-1: Ball
1-1: Ball
2-1: Foul Ball, location: 2F
2-2: Ball
3-2: SINGLE (Flyball, 7S)
Batting: RHB Vicente Díaz 0-0: Called Strike
0-1: Grounds into double play, 1-6-3 (Groundball, 23)
Top of the 9th over - 2 run(s), 3 hit(s), 0 error(s), 0 left on base; Real Hartford CB 5 - Grafton 6
This league is powered by Out of the Park Baseball, the baseball management simulation game for PC, Mac and Linux
Saturday, February 27th, 2021 - OOTP Baseball 15.6 Build 34